 Dungeon Crawl Stone Soup version 0.30-a0-824-g6c64550be9 (webtiles) character file.

Game seed: 8707236101411330513

12226 Nacht the Artisan of Death (level 11, -1/72 HPs)
             Began as a Demonspawn Earth Elementalist on Feb 27, 2023.
             Was a Priest of Kikubaaqudgha.
             Hit by a javelin thrown by a minotaur (40 damage)
             ... in a Gauntlet.
             The game lasted 00:20:51 (11833 turns).

Nacht the Artisan of Death (DsEE)                  Turns: 11833, Time: 00:20:51

Health: -1/72      AC:  5    Str:  8    XL:     11   Next: 59%
Magic:  25/25      EV: 12    Int: 31    God:    Kikubaaqudgha [***...]
Gold:   808        SH:  0    Dex: 18    Spells: 8/30 levels left

rFire   . . .      SeeInvis +    h - +2 dagger (venom)
rCold   + . .      Faith    .    (no shield)
rNeg    + . .      Spirit   .    s - +1 robe {rC+}
rPois   +          Reflect  .    (helmet restricted)
rElec   +          Harm     .    (no cloak)
rCorr   +          Rampage  .    (no gloves)
Will    .....      NoTele   +    (no boots)
Stlth   ++                       y - amulet of magic regeneration
HPRegen 0.32/turn                k - ring of Broken Luck {rElec rPois rCorr Int+2 SInv}
MPRegen 0.59/turn                I - ring "Irghechae" {Wiz *Corrode *Slow rN+ Int+8 Dex+4}

@: no status effects
A: horns 2, molten scales 1, demonic magic 3
a: Renounce Religion, Unearth Wretches


You were in a Gauntlet.
You worshipped Kikubaaqudgha.
Kikubaaqudgha was most pleased with you.
You visited 2 branches of the dungeon, and saw 12 of its levels.
You also visited: Gauntlet.

You collected 808 gold pieces.

Inventory:

Hand Weapons
 h - a +2 dagger of venom (weapon)
Missiles
 m - 5 throwing nets
 F - 31 poisoned darts
Armour
 l - a +2 buckler
 s - a +1 robe of cold resistance (worn)
Magical Staves
 f - a staff of air
Jewellery
 k - the ring of Broken Luck (left hand) {rElec rPois rCorr Int+2 SInv}
   (You found it in a Gauntlet)

   [ring of resist corrosion]

   Int:       It affects your intelligence (+2).
   rElec:     It insulates you from electricity.
   rPois:     It protects you from poison.
   SInv:      It lets you see invisible.
   rCorr:     It protects you from acid and corrosion.
 n - an amulet of regeneration
 v - a ring of see invisible
 y - an amulet of magic regeneration (around neck)
 B - a ring of fire
 I - the ring "Irghechae" (right hand) {Wiz *Corrode *Slow rN+ Int+8 Dex+4}
   (You found it in a Gauntlet)

   [ring of wizardry]

   It improves your spell success rate.
   Int:       It affects your intelligence (+8).
   Dex:       It affects your dexterity (+4).
   rN:        It protects you from negative energy.
   *Corrode:  It may corrode you when you take damage.
   *Slow:     It may slow you when you take damage.
 J - an amulet of guardian spirit
 P - a ring of magical power
 Q - a +4 ring of protection
 R - a ring of flight
 T - a +5 ring of evasion
 V - the ring of Bihadwof {+Blink EV+5 Str+3 Dex+3}
   (You found it in a Gauntlet)

   [ring of evasion]

   EV:        It affects your evasion (+5).
   Str:       It affects your strength (+3).
   Dex:       It affects your dexterity (+3).
   +Blink:    It lets you blink.
Wands
 b - a wand of polymorph (12)
 r - a wand of roots (23)
 C - a wand of flame (10)
 E - a wand of paralysis (11)
 K - a wand of mindburst (8)
 N - a wand of quicksilver (6)
 U - a wand of digging (7)
Scrolls
 o - 2 scrolls of enchant armour {unknown}
 p - 6 scrolls of enchant weapon
 q - 5 scrolls of teleportation
 t - 4 scrolls of immolation {unknown}
 u - 4 scrolls of noise {unknown}
 x - a scroll of silence {unknown}
 H - 2 scrolls of vulnerability {unknown}
 L - a scroll of magic mapping
 S - 3 scrolls of fog
Potions
 a - a potion of resistance
 c - 3 potions of lignification
 e - 3 potions of cancellation
 i - 3 potions of berserk rage
 j - 5 potions of flight
 w - 2 potions of degeneration {unknown}
 z - a potion of ambrosia {unknown}
 A - 2 potions of brilliance {unknown}
 D - 3 potions of attraction {unknown}
 G - 3 potions of mutation
 M - a potion of might {unknown}
 O - 4 potions of haste {unknown}


   Skills:
 + Level 2.1 Fighting
 - Level 1.7 Dodging
 - Level 1.7 Stealth
 + Level 10.0 Spellcasting
 - Level 2.0 Conjurations
 + Level 10.0 Necromancy
 - Level 0.8 Transmutations
 - Level 9.0 Ice Magic
 - Level 7.0 Earth Magic


You had 8 spell levels left.
You knew the following spells:

 Your Spells              Type           Power      Damage    Failure   Level
a - Sandblast             Erth           100%       2d20      1%          1
b - Stone Arrow           Conj/Erth      86%        3d12      1%          3
c - Simulacrum            Ice/Necr       32%        N/A       4%          6
s - Anguish               Hex/Necr       23%        N/A       1%          4
t - Sublimation of Blood  Necr           67%        N/A       1%          2
u - Dispel Undead         Necr           67%        3d23      1%          4
w - Passwall              Tmut/Erth      32%        N/A       1%          2

Your spell library contained the following spells:

 Spells                   Type           Power      Damage    Failure   Level
 Necrotise                Necr           100%       1d9       1%          1
 Cigotuvi's Dreadful Rot  Necr/Pois/Air  72%        N/A       1%          2
 Vampiric Draining        Necr           67%        2d10      1%          3
 Ice Form                 Ice/Tmut       46%        N/A       1%          4
 Agony                    Necr           67%        N/A       1%          5
 Dazzling Flash           Conj/Hex       42%        N/A       2%          3
 Petrify                  Tmut/Erth      39%        N/A       2%          4
 Iskenderun's Mystic Bla  Conj/Tloc      21%        2d6       9%          4
 Olgreb's Toxic Radiance  Pois           15%        N/A       13%         4
 Passage of Golubria      Tloc           15%        N/A       13%         4
 Ozocubu's Refrigeration  Ice            31%        4d14      26%         7
 Silence                  Hex/Air        7%         N/A       32%         5
 Ignition                 Fire           7%         3d5       100%        8


Dungeon Overview and Level Annotations

Branches:
Dungeon (11/15)            Temple (1/1) D:6            Lair (0/5) D:8
    Orc (0/2) D:10        Gauntlet (1/1)

Altars:
Ashenzari
Cheibriados
Dithmenos
Fedhas
Gozag
Kikubaaqudgha
Makhleb
Nemelex Xobeh
Okawaru
Qazlal
Ru
Sif Muna
Trog
Uskayaw
Vehumet
Wu Jian
Xom
Yredelemnul

Shops:
D:6 (

Annotations:
D:3 1 runed translucent door, Crazy Yiuf Gauntlet 8 transporters


Innate Abilities, Weirdness & Mutations

You have a pair of horns on your head.
You are partially covered in molten scales. (AC +2)
Spells you cast and wands you use may paralyse nearby enemies.


Message History

Your flying skull dissolves into shadows!
Your wolf dissolves into shadows!
The hell hound barks!
The hell hound pauses to sniff the ground.
HP restored.
You open the door.
A minotaur comes into view.
It is wielding a +0 vampiric halberd and wearing the dreamshard necklace {*Dream Drain}.
You remove your ring of magical power.
You feel your magic capacity decrease.
You feel clever.
k - the ring of Broken Luck (left hand) {rElec rPois rCorr Int+2 SInv} You remove your +4 ring of protection.
You feel clever.
You feel agile.
I - the ring "Irghechae" (right hand) {Wiz *Corrode *Slow rN+ Int+8 Dex+4}
As you read the scroll labelled AMIDAU ZUZXAAT, it crumbles to dust.
Your body is wracked with pain!
It was a scroll of torment.
A minotaur is nearby!
Okay, then.
The air fills with toxic fumes!
As you read the scroll labelled VELUTOESM LIZO, it crumbles to dust.
It was a scroll of poison.
A minotaur is nearby!
The air fills with toxic fumes!
As you read the scroll of poison, it crumbles to dust.
The minotaur is engulfed in poison gas.
The minotaur is poisoned.
Casting: Stone Arrow (safe; 1% risk of failure)
Confirm with . or Enter, or press ? or * to list all spells.
You can't see any susceptible monsters within range! (Use Z to cast anyway.) Really read the scroll of torment?
As you read the scroll of torment, it crumbles to dust.
Your body is wracked with pain!
The minotaur convulses!
The minotaur bellows!
The minotaur is engulfed in poison gas.
The minotaur looks even sicker.
Casting: Stone Arrow (safe; 1% risk of failure)
Confirm with . or Enter, or press ? or * to list all spells.
You can't see any susceptible monsters within range! (Use Z to cast anyway.)
The minotaur looks even sicker.
The minotaur throws a javelin.
The javelin pierces through you!!!
Ouch! That really hurt!
You die...
Kikubaaqudgha rasps: "You have failed me!
Welcome... death!"

###+ #.H.##.©.#8.####.##
#..⌠.##○#°##...#..#RE..##
+⌠H...○§#.○..©.#∩.#E#.JR#
#H#°##..§#..#E##.EE
#○.☼##.°°#8.#h##h##
#○#○##§§.#..#.....#
#☼#§☼°...#..#######
#.#§##..##.........
#§@☼##.###..#######
#########≈..#*x....
##..#[#.### #§..#....#.
##..#©.#©#. #≈..#?.#...
##..#!###.# #≈..#....x3
##..#######


You could see a minotaur (very poisoned).

Vanquished Creatures
  A two-headed ogre (D:11)
  Pikel (D:9)
  A cyclops (D:11)
  Psyche (D:10)
  A hornet (D:11)
  2 trolls (D:10)
  Grinder (D:6)
  A shadow (D:10)
  2 wyverns
  A wraith (D:10)
  11 yaks
  5 humans (D:6)
  A fire bat (Gauntlet)
  3 vampire mosquitoes (D:10)
  Grum (D:10)
  2 steam dragons
  A water moccasin (D:8)
  An orc warrior (D:10)
  4 sky beasts
  Duvessa (D:6)
  2 ice beasts (D:6)
  A black bear (D:4)
  4 ogres
  4 wolves (D:10)
  A phantom (D:10)
  2 centaurs
  3 necrophages
  A kobold brigand (D:7)
  2 gnoll sergeants
  4 bullfrogs
  3 scorpions
  12 wights
  Dowan (D:6)
  5 troll zombies (D:10)
  3 killer bees (D:9)
  A howler monkey (D:6)
  4 jellies
  7 hounds
  10 orc priests
  2 gnoll boudas
  Ijyb (D:5)
  4 orc wizards
  3 ogre zombies (D:10)
  25 gnolls
  6 adders
  2 river rats (D:4)
  3 shadow imps
  A white imp (D:6)
  An ufetubus (D:4)
  A worm (D:4)
  4 dart slugs
  26 orcs
  9 ball pythons
  8 endoplasms
  3 giant cockroaches
  14 goblins
  3 hobgoblins
  14 jackals
  7 kobolds
  4 bats
  5 frilled lizards
  A goblin skeleton (D:10)
  A goblin zombie (D:10)
  A hobgoblin skeleton (D:10)
  3 hobgoblin zombies (D:10)
  An orc skeleton (D:10)
  18 orc zombies (D:10)
  5 rats
288 creatures vanquished.

Vanquished Creatures (collateral kills)
  A tengu warrior (Gauntlet)
  A tengu conjurer (Gauntlet)
  3 killer bees (D:9)
5 creatures vanquished.

Vanquished Creatures (others)
  A plant (Gauntlet)
1 creature vanquished.

Grand Total: 294 creatures vanquished

Notes
Turn   | Place    | Note
-------+----------+-------------------------------------------
     0 | D:1      | Nacht the Demonspawn Earth Elementalist began the quest for
                  | the Orb.
     0 | D:1      | Reached XP level 1. HP: 13/13 MP: 3/3
   233 | D:1      | Gained mutation: Spells you cast may paralyse adjacent
                  | enemies. [demonic ancestry]
   233 | D:1      | Reached XP level 2. HP: 4/19 MP: 0/5
  1063 | D:2      | Gained mutation: You are partially covered in molten
                  | scales. (AC +2) [demonic ancestry]
  1063 | D:2      | Reached XP level 3. HP: 18/24 MP: 2/6
  1773 | D:2      | Reached XP level 4. HP: 30/30 MP: 1/7
  1953 | D:2      | Learned a level 3 spell: Stone Arrow
  1956 | D:2      | Learned a level 2 spell: Passwall
  2237 | D:3      | Found a faded altar of an unknown god.
  2272 | D:3      | Reached skill level 1 in Conjurations
  2615 | D:3      | Reached skill level 5 in Earth Magic
  2615 | D:3      | Gained mutation: Spells you cast may paralyse nearby
                  | enemies. [demonic ancestry]
  2615 | D:3      | Reached XP level 5. HP: 35/35 MP: 5/8
  2725 | D:3      | Found a runed translucent door.
  2726 | D:3      | Noticed Crazy Yiuf
  3089 | D:4      | Noticed an ogre
  3094 | D:4      | Gained mutation: You have a pair of small horns on your
                  | head. [demonic ancestry]
  3094 | D:4      | Reached XP level 6. HP: 41/41 MP: 6/9
  3295 | D:4      | Reached XP level 7. HP: 46/46 MP: 7/10
  3299 | D:4      | Reached skill level 1 in Necromancy
  3480 | D:4      | Found an iron altar of Okawaru.
  4210 | D:5      | Entered Level 5 of the Dungeon
  4407 | D:5      | Noticed Ijyb
  4411 | D:5      | Paralysed by Ijyb for 3 turns
  4419 | D:5      | Killed Ijyb
  4614 | D:5      | Reached XP level 8. HP: 52/52 MP: 10/14
  4720 | D:6      | Noticed Grinder
  4753 | D:6      | Killed Grinder
  4800 | D:6      | Reached skill level 5 in Necromancy
  4810 | D:6      | Found a sparkling altar of Nemelex Xobeh.
  4897 | D:6      | Reached skill level 5 in Spellcasting
  5044 | D:6      | Gained mutation: Spells you cast and wands you use may
                  | paralyse nearby enemies. [demonic ancestry]
  5044 | D:6      | Reached XP level 9. HP: 50/57 MP: 16/18
  5440 | D:6      | Found Doalan Boy's Weapon Emporium.
  5547 | D:6      | Noticed Duvessa
  5556 | D:6      | Noticed Dowan
  5564 | D:6      | Killed Duvessa
  5567 | D:6      | Killed Dowan
  5746 | D:6      | Found a staircase to the Ecumenical Temple.
  5912 | Temple   | Entered the Ecumenical Temple
  5984 | Temple   | Became a worshipper of Kikubaaqudgha
  6164 | D:6      | Found a sparkling altar of Nemelex Xobeh.
  6223 | D:6      | Found a staircase to the Ecumenical Temple.
  6564 | D:6      | Found Doalan Boy's Weapon Emporium.
  6612 | D:6      | HP: 1/57 [poisoned by a kobold]
  7341 | D:7      | Gained mutation: You have a pair of horns on your head.
                  | [demonic ancestry]
  7341 | D:7      | Reached XP level 10. HP: 47/60 MP: 20/22
  7801 | D:8      | Identified the +2 rapier "Heplaliras" {flame, rPois}
  7852 | D:8      | Reached * piety under Kikubaaqudgha
  7852 | D:8      | Received a gift from Kikubaaqudgha
  7856 | D:8      | Learned a level 2 spell: Sublimation of Blood
  7979 | D:8      | Found a staircase to the Lair.
  8315 | D:9      | Reached skill level 10 in Necromancy
  8769 | D:9      | Noticed Pikel
  8776 | D:9      | Killed Pikel
  8777 | D:9      | Reached skill level 10 in Spellcasting
  8777 | D:9      | Reached skill level 1 in Ice Magic
  9335 | D:9      | Identified a scroll of acquirement
  9335 | D:9      | Acquired Matoc's Further Progress in Thaumaturgy
  9342 | D:9      | Learned a level 4 spell: Dispel Undead
  9349 | D:10     | Entered Level 10 of the Dungeon
  9355 | D:10     | Noticed Psyche
  9367 | D:10     | Killed Psyche
  9568 | D:10     | Reached ** piety under Kikubaaqudgha
  9620 | D:10     | Reached skill level 5 in Ice Magic
  9678 | D:10     | Found a staircase to the Orcish Mines.
  9859 | D:10     | Found an opulent altar of Gozag.
 10049 | D:10     | Reached XP level 11. HP: 68/68 MP: 25/25
 10121 | D:10     | Found a bloodstained altar of Trog.
 10154 | D:10     | Noticed Grum
 10165 | D:10     | Killed Grum
 10271 | D:10     | Reached *** piety under Kikubaaqudgha
 10271 | D:10     | Received a gift from Kikubaaqudgha
 10286 | D:10     | Learned a level 6 spell: Simulacrum
 10291 | D:10     | Learned a level 4 spell: Anguish
 10537 | D:10     | Found a blossoming altar of Fedhas.
 10537 | D:10     | Found a stormy altar of Qazlal.
 11042 | D:11     | Found a gate leading to a gauntlet.
 11043 | D:11     | Noticed a two-headed ogre
 11051 | D:11     | Killed a two-headed ogre
 11052 | D:11     | Noticed a boulder beetle
 11056 | Gauntlet | Entered a Gauntlet
 11056 | Gauntlet | Noticed a sixfirhy
 11056 | Gauntlet | Found a transporter.
 11056 | Gauntlet | Found a transporter.
 11058 | Gauntlet | Noticed a tengu warrior
 11083 | Gauntlet | Found a transporter.
 11095 | Gauntlet | Found a transporter.
 11113 | Gauntlet | Found a transporter.
 11113 | Gauntlet | Found a transporter.
 11113 | Gauntlet | Found a transporter.
 11115 | Gauntlet | Found a transporter.
 11115 | Gauntlet | Found a transporter.
 11127 | Gauntlet | Found a transporter.
 11143 | Gauntlet | Found a transporter.
 11153 | Gauntlet | Found a transporter.
 11157 | Gauntlet | Noticed a wretched star
 11167 | Gauntlet | Found a transporter.
 11197 | Gauntlet | Noticed a fire crab
 11201 | Gauntlet | Found a transporter.
 11242 | Gauntlet | Identified the ring "Irghechae" {Wiz *Corrode *Slow rN+
                  | Int+8 Dex+4}
 11253 | Gauntlet | HP: 2/68 [tengu warrior/+3 great sword (20)]
 11257 | Gauntlet | Killed a tengu warrior
 11562 | Gauntlet | Identified the ring of Broken Luck {rElec rPois rCorr Int+2
                  | SInv}
 11565 | Gauntlet | Identified the ring of Bihadwof {+Blink EV+5 Str+3 Dex+3}
 11740 | Gauntlet | Noticed a minotaur
 11833 | Gauntlet | Hit by a javelin thrown by a minotaur

Illustrated notes

Levels and vault maps discovered:
D:1:      psy_arrival_statuary, layout_basic
D:2:      layout_basic, hangedman_decor_lopped,
          nicolae_concentric_dashed_squares_mild, minmay_liquid_box,
          nicolae_elevator_lobby_asterisk
D:3:      layout_basic, ebering_ecumenical_altar_rust,
          dreamdust_princess_corridor, uniq_crazy_yiuf_cottage
D:4:      layout_cave_pods, kennysheep_okawaru_gauntlet, portal_sewer_entry_e
D:5:      layout_rooms, minmay_fountain_box, uniq_ijyb
D:6:      layout_cave_pools, nemelex_xobeh_ov_fountains_minmay,
          minmay_temple_entry_fiery, serial_gnoll_camp, gnoll_camp_mini_shop,
          gnoll_camp_mini_loothouse, gnoll_camp_mini_house, gnoll_camp_mini_hut,
          minivault_10, minmay_ruffians, uniq_grinder, uniq_duvessa
D:7:      layout_loops_ring
D:8:      layout_rooms, elyvilon_altar_5, lair_entry_dummy
D:9:      layout_stronghold, hangedman_abyss_or_decor_clamps, uniq_pikel
D:10:     layout_irregular_city, mainiacjoe_overflow_small_starburst,
          nicolae_overflow_hidden_temple, zombieorc2_lemuel,
          amcnicky_mini_rare_corridor_liquid, david_defended_altar_orc,
          uniq_grum, uniq_psyche
D:11:     layout_long_grid, gauntlet_entry_generic, gammafunk_ghost_spectres,
          uniq_nergalle, uniq_urug
Temple:   jpeg_temple_clearing
Gauntlet: gammafunk_gauntlet_mixed_choke_point
          [minmay_gauntlet_arena_77_terracotta_army,
          minmay_gauntlet_arena_77_mirror, minmay_gauntlet_arena_77_two_paths,
          gammafunk_gauntlet_arena_teeth,
          minmay_gauntlet_arena_77_broken_ladder,
          minmay_gauntlet_arena_77_p_blocks,
          minmay_gauntlet_arena_77_radiant_squares, gauntlet_exit_hidden_loot]

Skill      XL: |  1  2  3  4  5  6  7  8  9 10 11 |
---------------+----------------------------------+-----
Earth Magic    | 3 4 5 7 |  7.0
Conjurations   | 1 2 |  2.0
Necromancy     | 4 7 9 10 | 10.0
Spellcasting   | 4 6 8 10 | 10.0
Ice Magic      | 5 9 |  9.0
Fighting       | 2 |  2.1
Dodging        | |  1.7
Stealth        | |  1.7
Transmutations | |  0.8

Action                     |  1- 3 |  4- 6 |  7- 9 | 10-12 || total
---------------------------+-------+-------+-------+-------++-------
  Melee: Unarmed           |    19 |       |       |       ||    19
         Dagger            |       |     5 |    15 |     2 ||    22
         Headbutt          |       |       |     7 |     1 ||     8
         Punch             |       |       |     1 |       ||     1
   Cast: Sandblast         |    51 |    61 |   183 |    28 ||   323
         Stone Arrow       |       |       |    29 |   227 ||   256
         Dispel Undead     |       |       |       |     2 ||     2
    Use: Potion            |       |       |     3 |     5 ||     8
         Scroll            |       |       |       |    18 ||    18
   Stab: Paralysed         |       |     2 |     9 |       ||    11
 Armour: Robe              |     6 |     8 |       |    40 ||    54
         Leather armour    |       |     6 |    42 |     5 ||    53
  Dodge: Dodged            |    32 |    10 |    50 |    54 ||   146

Table legend: (Time is in decaauts)
 A = Elapsed time spent in this place.
 B = Non-inter-level travel time spent in this place.
 C = Inter-level travel time spent in this place.
 D = Time resting spent in this place.
 E = Time spent auto-exploring this place.
 F = Levels seen in this place.
 G = Mean time per level.
                   A        B        C        D        E       F      G
               +--------+--------+--------+--------+--------+-----+--------+
         Total |  11995 |  11500 |    495 |     96 |   9455 |  13 |  922.7 |
       Dungeon |  11127 |  10651 |    476 |      0 |   8833 |  11 | 1011.5 |
        Temple |     92 |     73 |     19 |      0 |     55 |   1 |   92.0 |
      Gauntlet |    774 |    774 |      0 |     96 |    567 |   1 |  774.0 |
               +--------+--------+--------+--------+--------+-----+--------+

Top non-repeatable levels by time:
     D:6: 2036 daAuts
    D:10: 1417 daAuts
     D:4: 1289 daAuts
     D:9: 1098 daAuts
     D:2: 1068 daAuts
     D:3: 1013 daAuts
     D:1: 915 daAuts
     D:7: 906 daAuts
Gauntlet: 774 daAuts
     D:8: 595 daAuts
     D:5: 535 daAuts
    D:11: 251 daAuts
  Temple: 92 daAuts
